 Dungeon Crawl Stone Soup version 0.23.0 (webtiles) character file.

Game seed: 9797944167586183045

675 LostNumber the Ruffian (level 7, -6/58 HPs)
             Began as a Green Draconian Transmuter on Feb 11, 2019.
             Mangled by Grinder (10 damage)
             ... on level 4 of the Dungeon.
             The game lasted 00:10:54 (5464 turns).

LostNumber the Ruffian (Green Draconian Transmuter) Turns: 5464, Time: 00:10:54

Health: -6/58      AC:  6    Str: 12    XL:     7   Next: 33%
Magic:  10/12      EV: 13    Int: 16    God:
Gold:   197        SH:  0    Dex: 11    Spells: 3/13 levels left

rFire    . . .     SeeInvis .     - Unarmed
rCold    . . .     Gourm    .   (no shield)
rNeg     . . .     Faith    .   (armour unavailable)
rPois    +         Spirit   .   (helmet restricted)
rElec    .         Reflect  .   (no cloak)
rCorr    .         Harm     .   (no gloves)
MR       .....                  (boots currently unavailable)
Stlth    +.........             (no amulet)
HPRegen  0.19/turn              (no ring)
MPRegen  0.13/turn              (no ring)

@: appendage
A: breathe noxious fumes, unfitting armour, talons 3, poison resistance,
cold-blooded, AC +6
a: Breathe Noxious Fumes, End Transformation


You were on level 4 of the Dungeon.
You were not hungry.
You had grown temporary talons.
You visited 1 branch of the dungeon, and saw 4 of its levels.
You also visited: Sewer.

You collected 197 gold pieces.

Inventory:

Missiles
 a - 83 arrows
Jewellery
 c - an uncursed ring of ice
   (You found it on level 1 of the Dungeon)
 k - an uncursed ring of ice
   (You found it on level 1 of the Dungeon)
 o - a +3 ring of evasion
   (You took it off a gnoll on level 3 of the Dungeon)
Scrolls
 f - a scroll of fear {unknown}
 i - 3 scrolls of teleportation {unknown}
 m - a scroll of blinking {unknown}
 n - a scroll of identify {@r1}
Potions
 b - a potion of haste {unknown}
 d - 2 potions of flight
 g - 4 potions of curing {@q1}
 h - 2 potions of brilliance
 j - a potion of degeneration {unknown}
 l - 2 potions of mutation {!q}
Comestibles
 e - 6 rations {!d}
 p - a chunk of flesh


   Skills:
 + Level 3.8 Fighting
 - Level 2.8 Dodging
 * Level 5.8 Unarmed Combat
 + Level 3.7 Spellcasting
 + Level 3.0 Transmutations
 + Level 1.0 Poison Magic


You had 3 spell levels left.
You knew the following spells:

 Your Spells              Type           Power        Failure   Level  Hunger
a - Beastly Appendage     Tmut           ##....       4%          1    None
c - Ice Form              Ice/Tmut       #.......     67%         4    ####...
s - Sticks to Snakes      Tmut           ##......     8%          2    ##.....
x - Spider Form           Tmut/Pois      #.........   22%         3    ###....

Your spell library contained the following spells:

 Spells                   Type           Power        Failure   Level  Hunger
 Blade Hands              Tmut           ##........   80%         5    ######.


Dungeon Overview and Level Annotations

Branches:
Dungeon (4/15)
 Temple: D:4-7

Altars:
Gozag
Nemelex Xobeh
Trog

Annotations:
D:4 Grinder


Innate Abilities, Weirdness & Mutations

You can breathe blasts of noxious fumes.
Your lurid green scales are hard. (AC +6)
You cannot fit into any form of body armour.
Your system is resistant to poisons. (rPois)
You are cold-blooded and may be slowed by cold attacks.
You have claws for feet.


Message History

You feel sick.
You create a snake!
You now have 83 arrows.
Casting: Sticks to Snakes (safe; 8% risk of failure)
You extend your transformation's duration.
Grinder gestures at you.
You struggle to resist.
Your ball python bites Grinder but does no damage.
Your ball python grabs Grinder.
Your ball python constricts Grinder.
Unknown command.
You hit Grinder. You claw Grinder.
Your ball python bites Grinder but does no damage.
Your ball python constricts Grinder.
Grinder hits you.
You writhe in agony.
You hit Grinder. You claw Grinder. You punch Grinder.
You feel sick.
You are no longer poisoned.
Your ball python bites Grinder but does no damage.
Your ball python constricts Grinder.
Grinder gestures at you.
You suddenly lose the ability to move!
Your ball python bites Grinder.
Your ball python constricts Grinder.
Grinder says, "There's only one good use for a tongue: cutting it out."
Grinder hits you!
You writhe in agony.
Your ball python bites Grinder but does no damage.
Your ball python constricts Grinder.
Grinder gestures at you.
You shrug off the repeated paralysis!
Your ball python barely misses Grinder.
Your ball python constricts Grinder.
Grinder gestures at you. Pain shoots through your body!
* * * LOW HITPOINT WARNING * * *
Your ball python bites Grinder but does no damage.
Your ball python constricts Grinder.
Your ball python bites Grinder but does no damage.
Your ball python constricts Grinder.
Grinder hits your ball python.
Your ball python writhes in agony.
Your ball python dies!
Grinder shouts!
Grinder hits you!
* * * LOW HITPOINT WARNING * * *
You writhe in agony.
* * * LOW HITPOINT WARNING * * *
Grinder hits you.
* * * LOW HITPOINT WARNING * * *
You writhe in agony.
* * * LOW HITPOINT WARNING * * *
You can move again.
You barely miss Grinder.
Your tail-slap misses Grinder.
You hit Grinder.
Your tail-slap misses Grinder.
Grinder barely misses you.
Unknown command.
You barely miss Grinder. You claw Grinder. Grinder hits you!
You die...

#...... #........###
..§.. #........'..
... ##........###
#.# ##............
#.# #.....[....###
#.# #.##'##....# #.#
#)#...#....#
#÷#####.#.8.#..###
#.5@....#...#.##
######..##'##.######
#........##....
#.##..#####....
#.##.######....
#..............
#####......M..#
#.........#
#.........#


You could see Grinder.

Vanquished Creatures
  Menkaure (D:4)
  2 bullfrogs (Sewer)
  Jessica (D:3)
  An iguana (D:4)
  4 gnolls (D:3)
  13 adders
  A river rat (D:3)
  9 oozes
  A worm (D:3)
  12 leopard geckos
  2 orcs (D:3)
  7 bats
  14 giant cockroaches
  8 goblins
  12 hobgoblins
  3 jackals (D:1)
  3 kobolds
  A quokka (D:3)
  10 ball pythons (Sewer)
  19 frilled lizards
  A jackal skeleton (D:3)
  11 rats
136 creatures vanquished.

Vanquished Creatures (collateral kills)
  2 worker ants (D:4)
  An adder (Sewer)
3 creatures vanquished.

Vanquished Creatures (others)
  5 toadstools (D:1)
5 creatures vanquished.

Grand Total: 144 creatures vanquished

Notes
Turn   | Place    | Note
-------+----------+-------------------------------------------
     0 | D:1      | LostNumber the Draconian Transmuter began the quest for the
                  | Orb.
     0 | D:1      | Reached XP level 1. HP: 16/16 MP: 3/3
   358 | D:1      | Reached XP level 2. HP: 14/23 MP: 3/5
   362 | D:1      | Learned a level 2 spell: Sticks to Snakes
   960 | D:1      | Reached XP level 3. HP: 29/29 MP: 6/6
   993 | D:1      | Learned a level 3 spell: Spider Form
  1839 | D:2      | Reached XP level 4. HP: 33/36 MP: 3/7
  2132 | D:3      | Reached skill level 4 in Unarmed Combat
  2365 | D:3      | Found a glowing drain.
  2371 | Sewer    | Entered a sewer
  2424 | Sewer    | Reached XP level 5. HP: 38/42 MP: 7/9
  3308 | Sewer    | Reached XP level 6. HP: 38/51 MP: 0/10
  3314 | Sewer    | Reached skill level 5 in Unarmed Combat
  3624 | D:3      | Learned a level 4 spell: Ice Form
  3853 | D:3      | Found a bloodstained altar of Trog.
  4293 | D:3      | Noticed Jessica
  4299 | D:3      | Killed Jessica
  4452 | D:4      | Found an opulent altar of Gozag.
  4452 | D:4      | Found a sparkling altar of Nemelex Xobeh.
  4557 | D:4      | Your scales start taking on a lurid green colour.
  4557 | D:4      | Reached XP level 7. HP: 30/57 MP: 9/12
  4557 | D:4      | Gained mutation: Your system is resistant to poisons.
                  | (rPois) [Green Draconian growth]
  5042 | D:4      | Noticed Menkaure
  5223 | D:4      | Killed Menkaure
  5223 | D:4      | Reached skill level 1 in Poison Magic
  5444 | D:4      | Noticed Grinder
  5448 | D:4      | Paralysed by Grinder for 3 turns
  5455 | D:4      | Paralysed by Grinder for 6 turns
  5464 | D:4      | Mangled by Grinder

Skill      XL: |  1  2  3  4  5  6  7 |
---------------+----------------------+-----
Dodging        | 2 |  2.8
Fighting       | 2 3 |  3.8
Unarmed Combat | 4 5 |  5.8
Spellcasting   | 3 |  3.7
Transmutations | 3 |  3.0
Poison Magic   | 1 |  1.0

Action                   |  1- 3 |  4- 6 |  7- 9 || total
-------------------------+-------+-------+-------++-------
Melee: Unarmed           |   124 |   339 |    32 ||   495
       Kick              |     9 |    16 |     7 ||    32
       Tailslap          |     9 |    24 |     4 ||    37
       Headbutt          |     6 |    14 |       ||    20
       Punch             |       |     1 |     2 ||     3
 Cast: Beastly Appendage |    17 |    32 |     4 ||    53
       Sticks to Snakes  |     1 |     2 |     5 ||     8
       Spider Form       |       |     5 |       ||     5
  Use: Scroll            |     8 |       |       ||     8
 Stab: Sleeping          |     1 |       |       ||     1
  Eat: Chunk             |     3 |    11 |       ||    14
       Ration            |       |       |     1 ||     1
Armor: Skin              |    35 |    90 |     5 ||   130
Dodge: Dodged            |    84 |   274 |    15 ||   373
